 Dungeon Crawl Stone Soup version 0.26-a0-712-ga5a9c9c9d0 (webtiles) character file.

Game seed: 16056951927963438431

663 FrothyCoffee the Ruffian (level 7, -7/62 HPs)
             Began as a Naga Transmuter on Nov 10, 2020.
             Mangled by a scorpion (8 damage)
             ... on level 4 of the Dungeon.
             The game lasted 00:20:25 (5936 turns).

FrothyCoffee the Ruffian (Naga Transmuter)          Turns: 5936, Time: 00:20:26

Health: -7/62      AC:  5    Str: 20    XL:     7   Next: 56%
Magic:  12/12      EV: 10    Int: 14    God:
Gold:   134        SH:  0    Dex: 11    Spells: 6/12 levels left

rFire    . . .     SeeInvis +   b - +0 dagger (venom)
rCold    . . .     Faith    .   (no shield)
rNeg     . . .     Spirit   .   d - +2 robe {MR+}
rPois    +         Reflect  .   (no helmet)
rElec    .         Harm     .   (no cloak)
rCorr    .         Rampage  .   (no gloves)
MR       +....                  (no barding)
Stlth    ++++......             (no amulet)
HPRegen  0.20/turn              r - +6 ring of strength
MPRegen  0.13/turn              y - ring of stealth

@: hasted, quick
A: large, see invisible, deformed body, poison resistance, slowness 2, spit
poison 1, AC +2
a: Spit Poison


You were on level 4 of the Dungeon.
You visited 1 branch of the dungeon, and saw 4 of its levels.
You also visited: Sewer.

You collected 134 gold pieces.

Inventory:

Hand Weapons
 a - a cursed -1 dagger
 b - a +0 dagger of venom (weapon)
 e - a cursed -2 falchion
Missiles
 i - 197 stones (quivered)
 o - 45 bolts
 p - 61 sling bullets
 z - 14 poisoned darts
Armour
 d - a +2 robe of magic resistance (worn)
 h - a +2 leather armour of magic resistance
Jewellery
 n - an uncursed ring of positive energy
 r - a +6 ring of strength (left hand)
 y - a ring of stealth (right hand)
 B - an uncursed ring of fire
Scrolls
 f - 2 scrolls of teleportation
 k - 5 scrolls of remove curse
 m - a scroll of magic mapping
 u - 2 scrolls of enchant armour {unknown}
 v - a scroll of fog
 w - a scroll of immolation {unknown}
 C - 2 scrolls of blinking {unknown}
Potions
 c - 2 potions of haste
 g - 2 potions of heal wounds {unknown}
 j - 3 potions of might
 l - a potion of cancellation {unknown}
 q - a potion of brilliance {unknown}
 s - a potion of stabbing {unknown}
 t - 2 potions of invisibility {unknown}
 x - a potion of curing
 A - a potion of flight


   Skills:
 + Level 3.2 Fighting
 - Level 1.5 Dodging
 + Level 4.8 Stealth
 * Level 5.0 Unarmed Combat
 + Level 3.4 Spellcasting
 * Level 4.3 Transmutations


You had 6 spell levels left.
You knew the following spells:

 Your Spells              Type           Power        Failure   Level
a - Beastly Appendage     Tmut           ##....       3%          1
b - Wereblood             Tmut           ##......     4%          2
c - Spider Form           Tmut/Pois      #.........   26%         3

Your spell library contained the following spells:

 Spells                   Type           Power        Failure   Level
 Ice Form                 Ice/Tmut       #.......     63%         4
 Blade Hands              Tmut           ##........   67%         5


Dungeon Overview and Level Annotations

Branches:
Dungeon (4/15)              Sewer (visited)
 Temple: D:4-7

Altars:
Makhleb
Nemelex Xobeh
Zin


Innate Abilities, Weirdness & Mutations

You cannot wear boots.
Your serpentine skin is tough. (AC +2)
You have supernaturally acute eyesight. (SInv)
Armour fits poorly on your strangely shaped body.
Your system is resistant to poisons. (rPois)
You cover ground very slowly.
You can spit poison.


Message History

You howl as the wereblood boils in your veins!
You have got your breath back.
Your primal bloodlust has ended.
The centaur skeleton hits you.
* * * LOW HITPOINT WARNING * * *
The scorpion looks more healthy.
The scorpion stings you.
* * * LOW HITPOINT WARNING * * *
You barely miss the scorpion.
The scorpion is severely wounded.
The centaur skeleton hits you!
* * * LOW HITPOINT WARNING * * *
The scorpion closely misses you.
You feel better.
The centaur skeleton hits you but does no damage.
The scorpion stings you.
* * * LOW HITPOINT WARNING * * *
You feel yourself speed up.
The centaur skeleton completely misses you.
The scorpion stings you!
You die...

*,,,,,........#********+**,,,,,,*
*,,,,,........# *.......,,,,,,*
,,,,,,,.......# #........,,,,,*
,,,,*####.....#####........,,****
,,,,,.....................,,,,,,,
**>,,,.....................,,,,**
,,,,,**#....#..........#...*,,,,,
,,,,,,,#....#..Z.......#...*,,,,,
,,,,,,,#...[#).s@..........*,,,,,
,,,,,,.#.......####.#...##**,,,,,
*,,,,..........# #.#...###*,,,,,
,,,,,..........# #.......#*,,,,,
..$.........#######.......#*,,,,,
......##....≈≈≈≈.##.......#*****,
.......#....≈≈≈≈≈###......# ****
.......#.....≈≈≈≈#........# *,,,
.......#.###...≈≈##.......# *,,,


You could see a scorpion and a centaur skeleton.

Vanquished Creatures
  Eustachio (D:3)
  A big kobold (Sewer)
  A scorpion (D:2)
  2 orc priests (D:4)
  An iguana (D:4)
  A bullfrog skeleton (D:4)
  A centaur skeleton (D:4)
  A worker ant (D:4)
  8 adders
  2 river rats (Sewer)
  2 oozes (D:3)
  An adder skeleton (D:4)
  An adder zombie (D:3)
  3 worms
  2 dart slugs
  7 leopard geckos
  11 orcs
  2 ball pythons
  3 giant cockroaches
  6 goblins
  8 hobgoblins
  3 jackals (D:2)
  11 kobolds
  3 quokkas
  A ball python skeleton (D:4)
  8 bats
  2 frilled lizards
  14 rats
107 creatures vanquished.

Notes
Turn   | Place    | Note
-------+----------+-------------------------------------------
     0 | D:1      | FrothyCoffee the Naga Transmuter began the quest for the
                  | Orb.
     0 | D:1      | Reached XP level 1. HP: 18/18 MP: 3/3
   581 | D:1      | Reached XP level 2. HP: 17/25 MP: 3/5
   685 | D:1      | Reached skill level 1 in Stealth
   690 | D:1      | Learned a level 2 spell: Wereblood
  1841 | D:2      | Reached XP level 3. HP: 31/31 MP: 6/6
  1878 | D:2      | Noticed a scorpion
  1884 | D:2      | Killed a scorpion
  1884 | D:2      | Reached XP level 4. HP: 34/39 MP: 7/7
  2693 | D:2      | Reached XP level 5. HP: 38/45 MP: 8/8
  2864 | D:2      | Learned a level 3 spell: Spider Form
  4012 | D:3      | Found a sparkling altar of Nemelex Xobeh.
  4693 | D:3      | Found a burning altar of Makhleb.
  4855 | D:4      | Reached skill level 4 in Unarmed Combat
  4855 | D:4      | Reached XP level 6. HP: 36/55 MP: 8/10
  4864 | D:4      | Found a glowing silver altar of Zin.
  4930 | D:4      | Found a glowing drain.
  4939 | Sewer    | Entered a sewer
  5155 | Sewer    | Found a white marble altar of Elyvilon.
  5346 | D:4      | Noticed Eustachio
  5497 | D:3      | Killed Eustachio
  5497 | D:3      | Reached XP level 7. HP: 23/62 MP: 9/11
  5918 | D:4      | Reached skill level 5 in Unarmed Combat
  5934 | D:4      | HP: 1/62 [centaur skeleton (7)]
  5936 | D:4      | Mangled by a scorpion

Illustrated notes

Levels and vault maps discovered:
D:1:      lemuel_arrival_cross, layout_basic
D:2:      kennysheep_big_flooded_room, layout_loops_ring, minmay_pentomino_z4
D:3:      layout_loops_corners, lemuel_coloured_pillars_altar,
          nemelex_dance_club_becter
D:4:      layout_basic, old_standard_altar, portal_sewer_entry_b, minmay_cupped,
          uniq_eustachio

Skill      XL: |  1  2  3  4  5  6  7 |
---------------+----------------------+-----
Stealth        | 1 2 3 4 |  4.8
Fighting       | 2 3 |  3.2
Transmutations | 3 4 |  4.3
Unarmed Combat | 4 5 |  5.0
Spellcasting   | 3 |  3.4
Dodging        | |  1.5

Action                   |  1- 3 |  4- 6 |  7- 9 || total
-------------------------+-------+-------+-------++-------
Melee: Unarmed           |    29 |       |       ||    29
       Dagger            |    36 |   232 |    41 ||   309
       Headbutt          |     1 |    28 |     7 ||    36
       Punch             |       |     2 |     2 ||     4
Throw: Stone             |       |     5 |       ||     5
 Cast: Beastly Appendage |     5 |    27 |     3 ||    35
       Wereblood         |     1 |    24 |     3 ||    28
 Abil: Spit Poison       |       |    15 |     2 ||    17
  Use: Scroll            |       |    10 |       ||    10
       Potion            |       |     1 |     2 ||     3
 Stab: Sleeping          |     2 |     5 |       ||     7
       Distracted        |     1 |     1 |       ||     2
Armor: Robe              |    18 |    84 |    19 ||   121
Dodge: Dodged            |    38 |   120 |    18 ||   176

Table legend: (Time is in decaauts)
 A = Elapsed time spent in this place.
 B = Non-inter-level travel time spent in this place.
 C = Inter-level travel time spent in this place.
 D = Time resting spent in this place.
 E = Time spent auto-exploring this place.
 F = Levels seen in this place.
 G = Mean time per level.
                   A        B        C        D        E       F      G
               +--------+--------+--------+--------+--------+-----+--------+
         Total |   7358 |   6746 |    612 |   1118 |   3809 |   5 | 1471.6 |
       Dungeon |   6965 |   6353 |    612 |   1024 |   3680 |   4 | 1741.2 |
         Sewer |    393 |    393 |      0 |     94 |    128 |   1 |  393.0 |
               +--------+--------+--------+--------+--------+-----+--------+

Top non-repeatable levels by time:
     D:2: 2161 daAuts
     D:1: 2109 daAuts
     D:3: 2024 daAuts
     D:4: 670 daAuts
   Sewer: 393 daAuts
